 Dungeon Crawl Stone Soup version 0.30.1-11-g7821555f0a (webtiles) character file.

Game seed: 10184957621763842213

891 Ijustatesigmund the Thaumaturge (level 7, -5/38 HPs)
             Began as a Deep Elf Earth Elementalist on Dec 7, 2023.
             Slain by a skyshark (glowing shapeshifter) (10 damage)
             ... on level 5 of the Dungeon.
             The game lasted 00:09:53 (5414 turns).

Ijustatesigmund the Thaumaturge (DEEE)              Turns: 5414, Time: 00:09:53

Health: -5/38      AC:  4    Str:  5    XL:     7   Next: 78%
Magic:  15/20      EV: 12    Int: 22    God:
Gold:   212        SH:  0    Dex: 15    Spells: 14/22 levels left

rFire   . . .        q - +3 quarterstaff (chaos)
rCold   + . .        (shield currently unavailable)
rNeg    . . .        a - +0 robe
rPois   .            j - +0 helmet
rElec   .            r - +0 cloak
rCorr   .            (no gloves)
SInv    .            (no boots)
Will    .....        (no amulet)
Stlth   ++           f - ring of wizardry
HPRegen 0.26/turn    v - ring of protection from cold
MPRegen 0.17/turn

%: wizardry (x1)
@: no status effects
A: no striking features
a: no special abilities


You were on level 5 of the Dungeon.
You visited 1 branch of the dungeon, and saw 5 of its levels.

You collected 212 gold pieces.

Inventory:

Hand Weapons
 e - a +0 short sword
 q - a +3 quarterstaff of chaos (weapon)
Armour
 a - a +0 robe (worn)
 j - a +0 helmet (worn)
 r - a +0 cloak (worn)
Jewellery
 f - a ring of wizardry (left hand)
 v - a ring of protection from cold (right hand)
 A - an amulet of the acrobat
Wands
 g - a wand of acid (9)
Scrolls
 c - 2 scrolls of amnesia {unknown}
 d - a scroll of fear
 o - a scroll of noise {unknown}
 t - a scroll of identify
 u - a scroll of blinking {unknown}
 x - a scroll of butterflies {unknown}
 y - a scroll of poison {unknown}
 z - a scroll of enchant armour {unknown}
Potions
 b - a potion of magic
 h - 2 potions of curing
 i - a potion of ambrosia
 k - a potion of heal wounds
 l - a potion of berserk rage {unknown}
 m - a potion of degeneration {unknown}
 n - a potion of might {unknown}
 p - a potion of haste
 s - 2 potions of attraction {unknown}
 w - a potion of cancellation {unknown}


   Skills:
 - Level 1.1 Fighting
 - Level 2.4 Dodging
 - Level 2.4 Stealth
 + Level 8.0 Spellcasting
 - Level 3.1 Conjurations
 - Level 1.1 Transmutations
 - Level 5.1 Earth Magic
 + Level 4.6 Poison Magic


You had 14 spell levels left.
You knew the following spells:

 Your Spells              Type           Power      Damage    Failure   Level
a - Sandblast             Erth           62%        2d14      1%          1
b - Stone Arrow           Conj/Erth      54%        3d10      1%          3
c - Olgreb's Toxic Radia  Pois           29%        N/A       4%          4

Your spell library contained the following spells:

 Spells                   Type           Power      Damage    Failure   Level
 Sting                    Tmut/Pois      84%        1d7       1%          1
 Passwall                 Tmut/Erth      18%        N/A       1%          2
 Poisonous Vapours        Pois/Air       38%        N/A       1%          2
 Freeze                   Ice            32%        1d5       3%          1
 Hailstorm                Conj/Ice       15%        3d5       4%          3
 Frozen Ramparts          Ice            16%        1d3       9%          3
 Petrify                  Tmut/Erth      22%        N/A       9%          4


Dungeon Overview and Level Annotations

Branches:
Dungeon (5/15)
 Temple: D:4-7

Altars:
Elyvilon
Sif Muna

Shops:
D:3 (


Message History

The glowing shapeshifter changes into an orb spider!
You sock the orb spider! You freeze the orb spider.
The orb spider is moderately wounded.
The orb spider begins to weave its threads into a brightly glowing ball.
You closely miss the orb spider.
The orb spider is moderately wounded.
The orb spider changes into a wolf spider!
The wolf spider changes into a lindwurm!
A quokka comes into view.
You closely miss the lindwurm.
The lindwurm changes into a faun!
You hit the faun but do no damage.
The faun changes into a skyshark!
The quokka twitches its whiskers.
The quokka misses you.
You barely miss the skyshark. The quokka barely misses you.
The skyshark hisses menacingly.
The skyshark bites you!!
The skyshark tastes blood and grows stronger!
The skyshark closely misses you. The skyshark tail-slaps you.
The quokka closely misses you.
You are too injured to fight recklessly!
You are too injured to fight recklessly!
You are too injured to fight recklessly!
You are too injured to fight recklessly!
You are too injured to fight recklessly!
You are too injured to fight recklessly!
You are too injured to fight recklessly!
You are too injured to fight recklessly!
You are too injured to fight recklessly!
Unknown command.
Casting: Stone Arrow (safe; 1% risk of failure)
Confirm with . or Enter, or press ? or * to list all spells.
Aiming: Stone Arrow (safe; 1% risk of failure)
Press: ? - help, Shift-Dir - straight line, f - skyshark
Aim: a skyshark shaped shifter (strong, 79% to hit)
The stone arrow hits the skyshark!
The skyshark is moderately wounded.
The skyshark bites you!
* * * LOW HITPOINT WARNING * * *
The skyshark enters a blood-rage!
The skyshark tail-slaps you!
You die...

#.## ##
#.####.
##..#.
#.#.#
#.#†#.#
#.††.##
#...#.##
#.#..##r#
..#.##.#@#
.####
.##lrr....
# #
rrr...#
sr....#
....r##
..F.(#
######


You could see a skyshark shaped shifter (berserk), a bullfrog (asleep), a
scorpion, 2 river rats, 3 quokkas and 3 rats.

Vanquished Creatures
  Edmund (D:5)
  A black bear (D:4)
  A centaur (D:5)
  An ogre (D:4)
  2 scorpions (D:5)
  3 hounds
  Crazy Yiuf (D:3)
  An iguana (D:5)
  An orc wizard (D:4)
  Terence (D:3)
  A sleepcap (D:5)
  5 adders
  A river rat (D:5)
  2 worms (D:2)
  2 dart slugs
  16 orcs
  8 endoplasms
  3 giant cockroaches
  7 goblins
  9 hobgoblins
  6 jackals
  10 kobolds
  3 quokkas (D:4)
  4 ball pythons
  10 bats
  A frilled lizard (D:2)
  8 rats
109 creatures vanquished.

Notes
Turn   | Place    | Note
-------+----------+-------------------------------------------
     0 | D:1      | Ijustatesigmund the Deep Elf Earth Elementalist began the
                  | quest for the Orb.
     0 | D:1      | Reached XP level 1. HP: 10/10 MP: 6/6
   507 | D:1      | Reached XP level 2. HP: 16/16 MP: 6/8
  1450 | D:2      | Reached skill level 1 in Fighting
  1450 | D:2      | Reached XP level 3. HP: 20/20 MP: 8/10
  1454 | D:2      | Learned a level 3 spell: Stone Arrow
  1662 | D:2      | Reached skill level 4 in Spellcasting
  1986 | D:2      | Reached skill level 1 in Conjurations
  2077 | D:2      | Reached XP level 4. HP: 25/25 MP: 9/12
  2601 | D:3      | Found Muarch's Weapon Emporium.
  2631 | D:3      | Found a runed translucent door.
  2632 | D:3      | Noticed Crazy Yiuf
  2637 | D:3      | Killed Crazy Yiuf
  3430 | D:3      | Noticed Terence
  3439 | D:3      | Killed Terence
  3440 | D:3      | Reached XP level 5. HP: 26/29 MP: 9/14
  3734 | D:4      | Found a white marble altar of Elyvilon.
  3828 | D:4      | Reached skill level 5 in Spellcasting
  3910 | D:4      | Noticed a black bear
  3913 | D:4      | Killed a black bear
  3914 | D:4      | Reached skill level 5 in Earth Magic
  3914 | D:4      | Reached XP level 6. HP: 34/34 MP: 5/16
  3919 | D:4      | Learned a level 4 spell: Olgreb's Toxic Radiance
  4130 | D:4      | Reached skill level 1 in Poison Magic
  4157 | D:4      | Found a shimmering blue altar of Sif Muna.
  4505 | D:4      | Reached skill level 6 in Spellcasting
  4718 | D:5      | Entered Level 5 of the Dungeon
  4726 | D:5      | Noticed Edmund
  4733 | D:5      | Killed Edmund
  4734 | D:5      | Reached XP level 7. HP: 21/38 MP: 1/19
  4887 | D:5      | Reached skill level 7 in Spellcasting
  5201 | D:5      | Reached skill level 8 in Spellcasting
  5408 | D:5      | a river rat changed into a glowing shapeshifter
  5408 | D:5      | Noticed a glowing shapeshifter (glowing shapeshifter)
  5408 | D:5      | a glowing shapeshifter changed into an orb spider
  5408 | D:5      | Noticed an orb spider (glowing shapeshifter)
  5410 | D:5      | an orb spider changed into a wolf spider
  5410 | D:5      | Noticed a wolf spider (glowing shapeshifter)
  5410 | D:5      | a wolf spider changed into a lindwurm
  5410 | D:5      | Noticed a lindwurm (glowing shapeshifter)
  5411 | D:5      | a lindwurm changed into a faun
  5411 | D:5      | Noticed a faun (glowing shapeshifter)
  5412 | D:5      | a faun changed into a skyshark
  5412 | D:5      | Noticed a skyshark (glowing shapeshifter)
  5414 | D:5      | Slain by a skyshark (glowing shapeshifter)

Illustrated notes

Levels and vault maps discovered:
D:1:      lightli_iron_boxes, layout_basic, roderic_lattice_a
D:2:      layout_basic, nicolae_elevator_lobby_plus
D:3:      layout_basic, serial_rivers, chequers_serial_rivers_large_b,
          chequers_serial_rivers_small_3, chequers_serial_rivers_micro_b,
          chequers_serial_rivers_micro_b, serial_shops, shop, nrook_uturn,
          serial_park_tiny_2, item_on_display_a, uniq_terence,
          uniq_crazy_yiuf_cottage
D:4:      nicolae_cairo_tiling_large, layout_basic, elyvilon_altar_4,
          mainiacjoe_overflow_surrounded_room
D:5:      lemuel_ratsnest, layout_loops_ring,
          riverfiend_overflow_shadow_ancestor, kennysheep_boxes, uniq_edmund

Skill      XL: |  1  2  3  4  5  6  7 |
---------------+----------------------+-----
Fighting       | 1 |  1.1
Earth Magic    | 4 5 |  5.1
Spellcasting   | 4 5 6 8 |  8.0
Conjurations   | 1 2 3 |  3.1
Poison Magic   | 3 4 |  4.6
Dodging        | |  2.4
Stealth        | |  2.4
Transmutations | |  1.1

Action                     |  1- 3 |  4- 6 |  7- 9 || total
---------------------------+-------+-------+-------++-------
  Melee: Quarterstaff      |       |    27 |    10 ||    37
   Cast: Sandblast         |    59 |    54 |     3 ||   116
         Stone Arrow       |       |    15 |    18 ||    33
    Use: Scroll            |       |     4 |       ||     4
   Stab: Distracted        |       |     1 |       ||     1
 Armour: Robe              |     2 |     6 |     2 ||    10
  Dodge: Dodged            |     8 |    26 |     7 ||    41
